 Dungeon Crawl Stone Soup version 0.20.1-1-g8b1a95d (webtiles) character file.

203 empire the Charmwright (level 5, -9/45 HPs)
             Began as a Draconian Skald on Aug 22, 2017.
             Killed by nerve-wracking pain
             ... invoked by Grinder
              (13 damage)
             ... on level 4 of the Dungeon.
             The game lasted 00:02:50 (1038 turns).

empire the Charmwright (Draconian Skald)            Turns: 1038, Time: 00:02:50

Health: -9/45      AC:  8    Str: 14    XL:     5   Next: 51%
Magic:  6/9        EV: 13    Int: 18    God:
Gold:   185        SH:  0    Dex: 11    Spells: 8/9 levels left

rFire    . . .     SeeInvis .   b - -1 great sword
rCold    . . .     Gourm    .   (shield currently unavailable)
rNeg     . . .     Faith    .   (armour unavailable)
rPois    .         Spirit   .   (helmet restricted)
rElec    .         Reflect  .   (no cloak)
rCorr    .         Harm     .   g - +2 pair of gloves
MR       .....                  (no boots)
Stlth    +.........             (no amulet)
Regen    0.2/turn               (no ring)
MPRegen  0.2/turn               (no ring)

@: brilliant, infused, hasted, very quick
A: unfitting armour, cold-blooded, AC +5
a: no special abilities


You were on level 4 of the Dungeon.
You were not hungry.

You visited 1 branch of the dungeon, and saw 3 of its levels.

You collected 185 gold pieces.

Inventory:

Hand Weapons
 a - a +0 falchion
 b - a -1 great sword (weapon)
 m - the +7 dagger of Lohuw {flame, rF++ SInv, unknown}
   (You found it on level 4 of the Dungeon)

   It has been specially enchanted to burn those struck by it, causing extra
   injury to most foes and up to half again as much damage against particularly
   susceptible opponents.
   It greatly protects you from fire.
   It lets you see invisible.
Armour
 g - a +2 pair of gloves (worn)
Jewellery
 i - an uncursed ring of fire {unknown}
Scrolls
 e - a scroll of teleportation
 h - a scroll of remove curse
Potions
 d - a potion of brilliance
Books
 l - a book of Battle

   Spells                             Type                      Level
   a - Infusion                       Charms                       1
   b - Shroud of Golubria             Charms/Translocation         2
   c - Song of Slaying                Charms                       2
   d - Spectral Weapon                Hexes/Charms                 3
   e - Regeneration                   Charms/Necromancy            3
Comestibles
 c - 2 bread rations
 f - a royal jelly
 k - 3 chunks of flesh


   Skills:
 + Level 3.2 Fighting
 + Level 2.9 Long Blades
 * Level 3.4 Dodging
 + Level 2.6 Spellcasting
 + Level 3.5 Charms


You had 8 spell levels left.
You knew the following spells:

 Your Spells              Type           Power        Failure   Level  Hunger
a - Infusion              Chrm           ####         1%          1    #......


Dungeon Overview and Level Annotations

Branches:
Dungeon (2/15)

Altars:
Trog

Annotations:
D:4 Grinder


Innate Abilities, Weirdness & Mutations

Your plain brown scales are hard. (AC +5)
You cannot fit into any form of body armour.
You are cold-blooded and may be slowed by cold attacks.


Message History

Grinder is heavily wounded.
Grinder hits you.
You writhe in agony.
You barely miss Grinder.
Your tail-slap misses Grinder.
Grinder is heavily wounded.
Grinder hits you.
You writhe in agony.
* * * LOW HITPOINT WARNING * * *
You hit Grinder!
Grinder is severely wounded.
Grinder hits you!
* * * LOW HITPOINT WARNING * * *
You closely miss Grinder.
Grinder is severely wounded.
Grinder completely misses you.
You riposte.
You hit Grinder.
Grinder is severely wounded.
Unknown command.
You barely miss Grinder.
Grinder is severely wounded.
Grinder gestures at you. Pain shoots through your body!
You die...

#..#### #.#
#.....# #.#
#.###.# #.#
#.###.###.#
#......#
###..##..#
.5.......#
###..#...######
#........5@.#
#.###.#####.# #
###.......#####.##
#.................
#.#######..#######
#. #..# # #..#
#..# #..#


You could see Grinder.

Vanquished Creatures
  An ogre (D:4)
  A hound (D:4)
  2 orc priests (D:4)
  A worm (D:4)
  2 leopard geckos
  An orc (D:4)
  4 bats
  4 giant cockroaches
  A goblin (D:2)
  A hobgoblin (D:1)
  7 kobolds
  3 frilled lizards
  8 rats
36 creatures vanquished.

Notes
Turn   | Place    | Note
-------+----------+-------------------------------------------
     0 | D:1      | empire the Draconian Skald began the quest for the Orb.
     0 | D:1      | Reached XP level 1. HP: 17/17 MP: 3/3
   298 | D:1      | Reached XP level 2. HP: 25/25 MP: 5/5
   822 | D:2      | You fall through a shaft for 2 floors!
   840 | D:4      | Reached XP level 3. HP: 28/30 MP: 6/6
   850 | D:4      | Noticed an ogre
   855 | D:4      | Killed an ogre
   855 | D:4      | Reached XP level 4. HP: 38/38 MP: 7/7
   864 | D:4      | Found a bloodstained altar of Trog.
   864 | D:4      | Noticed a moth of wrath
   878 | D:4      | Got a steaming dagger
   896 | D:4      | Reached XP level 5. HP: 28/45 MP: 3/8
   985 | D:4      | Noticed Grinder
  1003 | D:4      | Paralysed by Grinder for 4 turns
  1021 | D:4      | Paralysed by Grinder for 7 turns
  1038 | D:4      | Killed from afar by Grinder

Skill      XL: |  1  2  3 |
---------------+----------+-----
Charms         | 3 |  3.5
Fighting       | 3 |  3.2
Dodging        | 3 |  3.4
Long Blades    | |  2.9
Spellcasting   | |  2.6

Action                   |  1- 3 |  4- 6 || total
-------------------------+-------+-------++-------
Melee: Falchion          |    86 |     6 ||    92
       Tailslap          |     6 |     7 ||    13
       Great sword       |       |    28 ||    28
 Cast: Infusion          |       |     2 ||     2
  Use: Scroll            |       |     3 ||     3
       Potion            |       |     2 ||     2
  Eat: Chunk             |       |     1 ||     1
Armor: Skin              |    31 |    25 ||    56
Dodge: Dodged            |    73 |    45 ||   118
       Rpst.: Falchion   |    16 |     4 ||    20
       Great sword       |       |     8 ||     8
